 Dungeon Crawl Stone Soup version 0.29-a0-920-g5d2155ec51 (webtiles) character file.

Game seed: 13735320293756710969

3455 2tc the Grappler (level 9, -2/80 HPs)
             Began as a Troll Abyssal Knight on July 27, 2022.
             Was a High Priest of Lugonu.
             Slain by a wolf (7 damage)
             ... on level 8 of the Dungeon.
             The game lasted 00:21:34 (5016 turns).

2tc the Grappler (Troll Abyssal Knight)             Turns: 5016, Time: 00:21:34

Health: -2/80      AC:  5    Str: 29    XL:     9   Next: 78%
Magic:  12/12      EV: 11    Int: 10    God:    Lugonu [*****.]
Gold:   434        SH:  0    Dex: 10    Spells: 8/8 levels left

rFire   . . .      SeeInvis .     - Unarmed
rCold   . . .      Faith    .   (no shield)
rNeg    . . .      Spirit   .   a - +0 robe
rPois   .          Reflect  .   (helmet restricted)
rElec   .          Harm     .   m - +0 cloak
rCorr   .          Rampage  .   (gloves unavailable)
Will    +....                   (boots unavailable)
Stlth   +.........              (no amulet)
HPRegen 1.03/turn               g - ring of willpower
MPRegen 0.13/turn               p - +6 ring of strength

@: mighty, lethally poisoned (-2 -> -3)
A: large, unfitting armour, claws 3, regeneration 1, shaggy fur 1, tough skin 1
a: Renounce Religion, Depart the Abyss, Bend Space, Banish, Corrupt, Enter the
Abyss


You were on level 8 of the Dungeon.
You worshipped Lugonu.
Lugonu was extremely pleased with you.
You visited 2 branches of the dungeon, and saw 9 of its levels.
You visited the Abyss 1 time.

You collected 434 gold pieces.

Inventory:

Armour
 a - a +0 robe (worn)
 m - a +0 cloak (worn)
 w - the +2 shield of Resistance {rF++ rC++ Will++}
   (You acquired it on level 7 of the Dungeon)

   rF:        It greatly protects you from fire.
   rC:        It greatly protects you from cold.
   Will:      It greatly increases your willpower.
Jewellery
 c - a ring of magical power
 e - a +6 ring of intelligence
 g - a ring of willpower (left claw)
 p - a +6 ring of strength (right claw)
 t - a ring of fire
 z - a ring of fire
Wands
 f - a wand of flame (28)
 q - a wand of roots (23)
 u - a wand of paralysis (25)
Scrolls
 j - 2 scrolls of blinking
 o - a scroll of teleportation
 s - a scroll of amnesia
 v - a scroll of summoning
 y - a scroll of magic mapping
Potions
 b - 4 potions of brilliance
 d - 2 potions of attraction
 i - a potion of cancellation {unknown}
 k - 2 potions of mutation
 l - 3 potions of flight


   Skills:
 - Level 2.4 Fighting
 - Level 5.0 Dodging
 + Level 4.9 Shields
 - Level 10.0 Unarmed Combat
 - Level 6.0 Invocations


You had 8 spell levels left.
You didn't know any spells.
Your spell library contained the following spells:

 Spells                   Type           Power      Damage    Failure   Level
 Magic Dart               Conj           0%         1d3       36%         1
 Call Imp                 Summ           0%         N/A       50%         2
 Ensorcelled Hibernation  Hex/Ice        0%         N/A       50%         2
 Mephitic Cloud           Conj/Pois/Air  0%         N/A       75%         3
 Spider Form              Tmut/Pois      0%         N/A       75%         3
 Anguish                  Hex/Necr       0%         N/A       98%         4
 Animate Dead             Necr           0%         N/A       98%         4
 Borgnjor's Vile Clutch   Necr/Erth      0%         N/A       100%        5
 Death Channel            Necr           0%         N/A       100%        6


Dungeon Overview and Level Annotations

Branches:
Dungeon (8/15)             Temple (1/1) D:5            Lair (0/5) D:8

Altars:
Ashenzari
Cheibriados
Dithmenos
Elyvilon
Fedhas
Gozag
Hepliaklqana
Kikubaaqudgha
Makhleb
Nemelex Xobeh
Okawaru
Qazlal
Ru
Sif Muna
Trog
Uskayaw
Vehumet
Wu Jian
Xom
Yredelemnul
Zin
The Shining One

Shops:
D:4 **

Annotations:
D:4 3 runed translucent doors, Destapler's ghost, amateur GrFi; TheBestFelid's ghost, amateur FeAE; aves's ghost, weakling DsFi; fly's ghost, weakling DgDe
D:5 1 runed translucent door, GrandHerb's ghost, novice DrGl
D:6 2 transporters, Olga's ghost, novice PaAK
D:8 1 transporter


Innate Abilities, Weirdness & Mutations

You are too large for most types of armour.
You have claws for hands.
Your natural rate of healing is unusually fast.
You are covered in fur. (AC +1)
You have tough skin. (AC +1)


Message History

You feel very sick. The killer bee closely misses you.
You barely miss the killer bee.
You feel very sick. The killer bee completely misses you.
You miss the killer bee.
You feel sick. The killer bee stings you. The killer bee stings you!
You are more poisoned.
The killer bee poisons you!
You miss the killer bee.
You feel very sick. The killer bee barely misses you. x2
You scratch the killer bee.
The killer bee is moderately wounded.
You feel very sick. The killer bee barely misses you.
You miss the killer bee.
The killer bee is moderately wounded.
You feel sick. The killer bee stings you.
* * * LOW HITPOINT WARNING * * *
The killer bee closely misses you.
You claw the killer bee!
You kill the killer bee!
Lugonu accepts your kill.
You feel very sick.
You feel very mighty all of a sudden.
You feel sick. The wolf bites you.
* * * LOW HITPOINT WARNING * * *
The wolf bites you but does no damage.
You scratch the wolf.
The wolf is moderately wounded.
You feel sick. The wolf barely misses you. The wolf closely misses you.
You barely miss the wolf. Your claw misses the wolf.
The wolf is moderately wounded.
You feel sick. The wolf bites you.
* * * LOW HITPOINT WARNING * * *
You barely miss the wolf.
The wolf is moderately wounded.
You feel sick. The wolf bites you!
You die...

#......## #.......#
#.......# #...?...##
#........# #........##
#FY.8....# #h#.......
#@##......
.#######.####....
.......#........#
.......##..######
.......##.#############.
..##..........<.........
...............#..#####
.......##########..####
..>.... #.....)#.......


You could see an ice beast, a wolf and a bullfrog.

Vanquished Creatures
  Pikel (D:8)
  Grinder (D:5)
  A hornet (D:7)
  A wyvern (D:7)
  Menkaure (D:5)
  A water moccasin (D:6)
  A black bear (D:4)
  A sky beast (D:8)
  3 ice beasts
  A centaur (D:6)
  A wolf (D:8)
  3 ogres
  2 lemures (D:8)
  5 bullfrogs
  A kobold brigand (D:7)
  2 scorpions
  8 killer bees (D:8)
  3 hounds
  An orc priest (D:6)
  Ijyb (D:4)
  6 orc wizards
  A centaur simulacrum (D:8)
  Robin (D:3)
  3 adders
  A gnoll (D:8)
  2 shadow imps (D:6)
  2 white imps (D:7)
  An ufetubus (D:7)
  4 worms
  3 dart slugs
  16 orcs
  4 ball pythons
  10 endoplasms
  A giant cockroach (D:4)
  12 goblins
  9 hobgoblins
  6 jackals
  2 quokkas (D:2)
  7 bats
  20 frilled lizards
  14 kobolds
  5 rats
169 creatures vanquished.

Vanquished Creatures (others)
  5 plants (D:3)
5 creatures vanquished.

Grand Total: 174 creatures vanquished

Notes
Turn   | Place    | Note
-------+----------+-------------------------------------------
     0 | Abyss:1  | 2tc the Troll Abyssal Knight began the quest for the Orb.
     0 | Abyss:1  | Reached XP level 1. HP: 22/22 MP: 1/1
     1 | D:1      | Escaped the Abyss
   217 | D:1      | Reached XP level 2. HP: 29/29 MP: 2/2
   247 | D:1      | Reached skill level 3 in Unarmed Combat
   378 | D:1      | Reached *** piety under Lugonu
   774 | D:2      | Reached XP level 3. HP: 36/36 MP: 3/3
   880 | D:2      | Reached skill level 4 in Unarmed Combat
  1064 | D:2      | Reached XP level 4. HP: 44/44 MP: 4/4
  1137 | D:2      | Found a faded altar of an unknown god.
  1323 | D:3      | Noticed a scorpion
  1341 | D:3      | Killed a scorpion
  1342 | D:3      | Reached skill level 5 in Unarmed Combat
  1357 | D:3      | Reached XP level 5. HP: 48/50 MP: 5/5
  1484 | D:3      | Reached **** piety under Lugonu
  1789 | D:3      | Noticed Robin
  1809 | D:3      | Killed Robin
  1944 | D:4      | Found Hueteeqi's Specific Store.
  1944 | D:4      | Found a runed translucent gate.
  1944 | D:4      | Found a runed translucent gate.
  1944 | D:4      | Found a runed translucent gate.
  1948 | D:4      | Found Lerokaes's General Store.
  1948 | D:4      | Noticed aves's ghost (weakling DsFi)
  2015 | D:4      | Reached skill level 6 in Unarmed Combat
  2046 | D:4      | Found a hide-covered altar of Uskayaw.
  2047 | D:4      | Found a shimmering altar of Xom.
  2047 | D:4      | Found an ornate altar of the Wu Jian Council.
  2047 | D:4      | Found a glowing silver altar of Zin.
  2049 | D:4      | Found a white marble altar of Elyvilon.
  2378 | D:4      | Found a shimmering blue altar of Sif Muna.
  2385 | D:4      | Noticed Ijyb
  2394 | D:4      | Killed Ijyb
  2453 | D:4      | Noticed TheBestFelid's ghost (amateur FeAE)
  2453 | D:4      | Noticed fly's ghost (weakling DgDe)
  2453 | D:4      | Noticed Destapler's ghost (amateur GrFi)
  2520 | D:4      | Noticed a black bear
  2528 | D:4      | Killed a black bear
  2529 | D:4      | Reached XP level 6. HP: 51/59 MP: 6/6
  2682 | D:5      | Entered Level 5 of the Dungeon
  2703 | D:5      | Found a runed translucent door.
  2705 | D:5      | Noticed Grinder
  2706 | D:5      | Noticed GrandHerb's ghost (novice DrGl)
  2713 | D:5      | Killed Grinder
  2714 | D:5      | Reached skill level 7 in Unarmed Combat
  2714 | D:5      | Reached XP level 7. HP: 59/66 MP: 7/7
  2756 | D:5      | Reached skill level 8 in Unarmed Combat
  3049 | D:5      | Noticed Menkaure
  3059 | D:5      | Killed Menkaure
  3060 | D:5      | Reached skill level 9 in Unarmed Combat
  3195 | D:5      | Found a staircase to the Ecumenical Temple.
  3204 | Temple   | Entered the Ecumenical Temple
  3853 | D:6      | Reached XP level 8. HP: 72/74 MP: 8/8
  3890 | D:6      | Found a snail-covered altar of Cheibriados.
  3970 | D:6      | Found a transporter.
  3971 | D:6      | Noticed Olga's ghost (novice PaAK)
  3973 | D:6      | Found a transporter.
  4159 | D:6      | Reached skill level 10 in Unarmed Combat
  4236 | D:7      | Reached ***** piety under Lugonu
  4258 | D:7      | Found a sacrificial altar of Ru.
  4298 | D:7      | Identified a scroll of acquirement
  4298 | D:7      | Acquired the +2 shield of Resistance {rF++ rC++ Will++}
  4298 | D:7      | Found the +2 shield of Resistance {rF++ rC++ Will++}
  4317 | D:7      | Reached skill level 5 in Invocations
  4572 | D:7      | Noticed a hornet
  4582 | D:7      | Killed a hornet
  4583 | D:7      | Reached XP level 9. HP: 22/80 MP: 12/12
  4792 | D:8      | Found a staircase to the Lair.
  4794 | D:8      | Noticed Pikel
  4806 | D:8      | Killed Pikel
  4807 | D:8      | Reached skill level 5 in Dodging
  4850 | D:8      | Found a transporter.
  4867 | D:8      | Reached skill level 1 in Shields
  5016 | D:8      | Slain by a wolf

Illustrated notes

Levels and vault maps discovered:
D:1:      dpeg_arrival_pits, layout_basic, nrook_loot_triangle
D:2:      layout_rooms, shapermc_ecumenical_altar_flowoftime,
          minmay_misc_feat_more_columns
D:3:      layout_basic, minmay_lizard_king, uniq_robin
D:4:      layout_gridville, nicolae_sif_muna_condensation, minitemple,
          gammafunk_ghost_cemetery, nicolae_specific_store, uniq_ijyb
D:5:      layout_loops_ring, minmay_temple_entry_poolview,
          ebering_ghost_sewer_d, uniq_menkaure, uniq_grinder
D:6:      layout_basic, slow_altar_2, gammafunk_ghost_arena
D:7:      layout_cave_pools, nicolae_ru_great_annihilating_truth,
          nrook_pool_corridor, st_stairs_5, serial_park_tiny_pond
D:8:      gammafunk_beogh_shrine, layout_rooms, lair_entry_dummy, serial_ice,
          serial_ice_a, serial_ice_i, serial_ice_o, serial_ice_d, uniq_pikel
Temple:   eino_temple_water

Skill      XL: |  1  2  3  4  5  6  7  8  9 |
---------------+----------------------------+-----
Unarmed Combat | 3 4 5 6 7 9 10 | 10.0
Invocations    | 2 6 |  6.0
Dodging        | 2 5 |  5.0
Shields        | 4 |  4.9
Fighting       | |  2.4

Action                   |  1- 3 |  4- 6 |  7- 9 || total
-------------------------+-------+-------+-------++-------
Melee: Unarmed           |    98 |   138 |   233 ||   469
       Punch             |     1 |     4 |     9 ||    14
Invok: Bend Space        |       |       |     1 ||     1
Evoke: Wand              |       |     1 |     1 ||     2
  Use: Scroll            |     4 |     7 |     7 ||    18
       Potion            |       |     1 |     9 ||    10
 Stab: Sleeping          |     1 |       |       ||     1
       Invisible         |       |       |     1 ||     1
Armor: Robe              |    33 |    70 |    61 ||   164
Dodge: Dodged            |    51 |    59 |   111 ||   221

Table legend: (Time is in decaauts)
 A = Elapsed time spent in this place.
 B = Non-inter-level travel time spent in this place.
 C = Inter-level travel time spent in this place.
 D = Time resting spent in this place.
 E = Time spent auto-exploring this place.
 F = Levels seen in this place.
 G = Mean time per level.
                   A        B        C        D        E       F      G
               +--------+--------+--------+--------+--------+-----+--------+
         Total |   4961 |   4782 |    179 |    105 |   3664 |  10 |  496.1 |
       Dungeon |   4738 |   4579 |    159 |    105 |   3474 |   8 |  592.2 |
        Temple |    221 |    201 |     20 |      0 |    190 |   1 |  221.0 |
         Abyss |      1 |      1 |      0 |      0 |      0 |   1 |    1.0 |
               +--------+--------+--------+--------+--------+-----+--------+

Top non-repeatable levels by time:
     D:5: 796 daAuts
     D:1: 751 daAuts
     D:4: 732 daAuts
     D:3: 612 daAuts
     D:7: 601 daAuts
     D:2: 563 daAuts
     D:6: 472 daAuts
  Temple: 221 daAuts
     D:8: 209 daAuts
 Abyss:1: 1 daAuts
